 Dungeon Crawl Stone Soup version 0.31-a0-1611-g890cdf5 (webtiles) character file.

Game seed: 10745020827258133060

59 PidgeyThePirate the Insei (level 4, -2/35 HPs)
             Began as a Djinni Chaos Knight on Jan 8, 2024.
             Was a Plaything of Xom.
             Slain by Sigmund the howler monkey (3 damage)
             ... on level 2 of the Dungeon.
             The game lasted 00:02:48 (1175 turns).

PidgeyThePirate the Insei (Djinni Chaos Knight)     Turns: 1175, Time: 00:02:48

Health: -2/35      AC:  4    Str: 19    XL:     4   Next: 22%
Gold:   74         EV: 12    Int: 13    God:    Xom [*.....] SH:  0 Dex: 13

rFire   + +          .
                       - Unarmed
rCold   x . .        (no shield)
rNeg    . . .        a - +2 leather armour
rPois   ∞            (no helmet)
rElec   .            (no cloak)
rCorr   .            (no gloves)
SInv    .            (boots unavailable)
Will    .....        (no amulet)
Stlth   +            e - +6 ring of strength
HPRegen 0.25/turn    (no ring)
MPRegen 0.00/turn

%: random rage (3%), infuse magic (-3 HP)
@: flying
A: sickness immunity, fire resistance 2, cold vulnerability 1, float, innate
caster, HP casting, extra vitality 1, berserk 1, deformed body, shaggy fur 1
a: Renounce Religion


You were on level 2 of the Dungeon.
You worshipped Xom.
You were a special plaything of Xom.
You visited 1 branch of the dungeon, and saw 2 of its levels.

You collected 74 gold pieces.

Inventory:

Armour
 a - a +2 leather armour (worn)
Jewellery
 e - a +6 ring of strength (left hand)
Scrolls
 b - a scroll of butterflies
 c - a scroll of vulnerability {unknown}
 f - a scroll of teleportation


   Skills:
 + Level 3.3 Fighting
 + Level 1.5 Armour
 + Level 2.7 Dodging
 + Level 0.1 Stealth
 + Level 3.9 Unarmed Combat


You knew the following spells:

 Your Spells              Type           Power      Damage    Failure   Level
a - Necrotise             Necr           0%         1d4       36%         1
Your spell library was empty.

Dungeon Overview and Level Annotations

Branches:
Dungeon (2/15)

Altars:

Annotations:
D:2 Sigmund


Innate Abilities, Weirdness & Mutations

You are immune to sickness and miasma.
You are immune to poison.
Your flesh is very heat resistant. (rF++)
You are vulnerable to cold. (rC-)
You float through the air rather than walking.
You learn spells naturally, not from books.
Your magical power is your life essence.
You have superior vitality. (+4 MHP)
You sometimes lose your temper in combat.
Armour fits poorly on your strangely shaped body.
You are covered in fur. (AC +1)


Message History

Sigmund hits you from afar with a +0 scythe.
You bump into the rock wall.
Xom's power touches on a nearby monster.
Sigmund evaporates and reforms as a howler monkey!
Sigmund hoots and howls with incredible vigour!
You hear a shout!
Sigmund hits you.
You bump into the rock wall.
Sigmund hoots and howls with incredible vigour!
You hear a shout!
You bump into the rock wall.
Sigmund hits you. x2
You bump into the rock wall.
Sigmund closely misses you.
You hit Sigmund. Your punch misses Sigmund.
Sigmund is almost dead.
Sigmund hits you.
* * * LOW HITPOINT WARNING * * *
Sigmund hoots and howls with incredible vigour!
You hear an angry hiss.
An endoplasm comes into view.
The endoplasm quivers.
Sigmund hoots and howls with incredible vigour!
You hear an angry hiss.
Xom's power touches on a nearby monster.
The endoplasm suddenly seems more agile.
You feel less confused. The endoplasm closely misses you.
Sigmund hoots and howls with incredible vigour!
The endoplasm freezes you.
You are frozen.
You feel a terrible chill!
* * * LOW HITPOINT WARNING * * *
You hear an angry hiss.
It was a potion of mutation.
You feel extremely strange. Fur sprouts all over your body.
You feel a little pissed off.
Your body twists and deforms.
The endoplasm freezes you.
You are frozen.
You feel a terrible chill!
* * * LOW HITPOINT WARNING * * *
Sigmund hits you but does no damage. Sigmund attacks as it pursues you!
Sigmund hits you.
You die...

##.#.# #######.(#.#
#.......##.#
####.......##.#
...........##.# ## ..
#...........########.
...#...J........##......
#..........###..)†.....
...#..@h.[.# #.........
.#.......>.# #.........
#..#........# ##........
##.###...##### #........
..##....#...###........
.............###.......
.....>........#...<....
............|.#........
.......................


You could see Sigmund the howler monkey (catching breath) and an endoplasm
(agile).

Vanquished Creatures
  Jessica (D:2)
  5 bats (D:1)
  4 endoplasms (D:1)
  2 giant cockroaches
  4 hobgoblins (D:1)
  A quokka (D:1)
  2 ball pythons (D:1)
  A frilled lizard (D:1)
  3 goblins (D:1)
  4 kobolds
  3 rats (D:1)
30 creatures vanquished.

Notes
Turn   | Place    | Note
-------+----------+-------------------------------------------
     0 | D:1      | PidgeyThePirate the Djinni Chaos Knight began the quest for
                  | the Orb.
     0 | D:1      | Reached XP level 1. HP: 20/20 MP: 0/0
     0 | D:1      | XOM: silly message
     8 | D:1      | XOM: divination: detect items
    76 | D:1      | XOM: silly message
   138 | D:1      | XOM: silly message
   157 | D:1      | Reached XP level 2. HP: 22/25 MP: 0/0
   590 | D:1      | Reached XP level 3. HP: 24/30 MP: 0/0
   590 | D:1      | Learned a level 1 spell: Necrotise
   760 | D:1      | XOM: silly message
  1030 | D:2      | Noticed Jessica
  1040 | D:2      | Killed Jessica
  1041 | D:2      | Reached XP level 4. HP: 21/35 MP: 0/0
  1123 | D:2      | Noticed Sigmund
  1131 | D:2      | XOM: silly message
  1133 | D:2      | XOM: fake destruction
  1152 | D:2      | XOM: confusion
  1159 | D:2      | Sigmund changed into Sigmund the howler monkey
  1159 | D:2      | Noticed Sigmund
  1159 | D:2      | XOM: polymorph Sigmund -> Sigmund the howler monkey
  1171 | D:2      | XOM: enchant monster (bad)
  1174 | D:2      | Gained mutation: You are covered in fur. (AC +1) [potion of
                  | mutation]
  1174 | D:2      | Gained mutation: You sometimes lose your temper in combat.
                  | [potion of mutation]
  1174 | D:2      | Gained mutation: Armour fits poorly on your strangely
                  | shaped body. [potion of mutation]
  1174 | D:2      | HP: 1/35 [frozen (6)]
  1175 | D:2      | Slain by Sigmund the howler monkey

Illustrated notes

Levels and vault maps discovered:
D:1:      eino_arrival_cavern_e, layout_loops_ring, minivault_27,
          columned_hall_lemuel, minmay_misc_feat_rows, minmay_tetromino_s2
D:2:      layout_rooms, kennysheep_nondescript, dreamdust_wishing_well,
          minivault_26, uniq_jessica, uniq_sigmund

Action                     |  1- 3 |  4- 6 || total
---------------------------+-------+-------++-------
  Melee: Unarmed           |    91 |    18 ||   109
         Punch             |     1 |       ||     1
    Use: Scroll            |       |     1 ||     1
         Potion            |       |     1 ||     1
   Stab: Sleeping          |     1 |       ||     1
 Armour: Leather armour    |    62 |    14 ||    76
  Dodge: Dodged            |    78 |     8 ||    86

Table legend: (Time is in decaauts)
 A = Elapsed time spent in this place.
 B = Non-inter-level travel time spent in this place.
 C = Inter-level travel time spent in this place.
 D = Time resting spent in this place.
 E = Time spent auto-exploring this place.
 F = Levels seen in this place.
 G = Mean time per level.
                   A        B        C        D        E       F      G
               +--------+--------+--------+--------+--------+-----+--------+
         Total |   1173 |   1108 |     65 |      0 |    764 |   2 |  586.5 |
       Dungeon |   1173 |   1108 |     65 |      0 |    764 |   2 |  586.5 |
               +--------+--------+--------+--------+--------+-----+--------+

Top non-repeatable levels by time:
     D:1: 1000 daAuts
     D:2: 173 daAuts
